 Dungeon Crawl Stone Soup version 0.21.1-1-g345015f (webtiles) character file.

63 Fortress the Digger (level 3, -1/19 HPs)
             Began as a Deep Elf Earth Elementalist on June 21, 2018.
             Slain by a goblin
             ... wielding a +0 club
              (6 damage)
             ... on level 2 of the Dungeon.
             The game lasted 00:06:03 (984 turns).

Fortress the Digger (Deep Elf Earth Elementalist)    Turns: 984, Time: 00:06:03

Health: -1/19      AC:  3    Str:  5    XL:     3   Next: 87%
Magic:  5/10       EV: 13    Int: 20    God:
Gold:   59         SH:  0    Dex: 15    Spells: 9/10 levels left

rFire    . . .     SeeInvis .   f - +0 short sword
rCold    . . .     Gourm    .   (no shield)
rNeg     . . .     Faith    .   c - +0 robe
rPois    .         Spirit   .   (no helmet)
rElec    .         Reflect  .   (no cloak)
rCorr    .         Harm     .   k - +0 pair of gloves
MR       .....                  (no boots)
Stlth    ++........             (no amulet)
HPRegen  0.06/turn              (no ring)
MPRegen  0.12/turn              (no ring)

@: no status effects
A: no striking features
a: no special abilities


You were on level 2 of the Dungeon.
You were not hungry.

You visited 1 branch of the dungeon, and saw 3 of its levels.

You collected 59 gold pieces.

Inventory:

Hand Weapons
 f - a +0 short sword (weapon)
Missiles
 b - 73 stones (quivered)
Armour
 c - a +0 robe (worn)
 k - a +0 pair of gloves (worn)
Jewellery
 h - a cursed ring of loudness {unknown}
 i - a cursed ring of loudness {unknown}
 p - an uncursed ring of flight {unknown}
Scrolls
 j - 2 scrolls of remove curse {unknown}
 l - a scroll of immolation {unknown}
 n - a scroll of teleportation {unknown}
 o - a scroll of enchant armour {unknown}
 q - a scroll of enchant weapon {unknown}
Potions
 a - a potion of flight {unknown}
 m - a potion of heal wounds {unknown}
Books
 e - a book of Geomancy

   Spells                             Type                      Level
   a - Sandblast                      Earth                        1
   b - Passwall                       Transmutation/Earth          2
   c - Stone Arrow                    Conjuration/Earth            3
   d - Petrify                        Transmutation/Earth          4
   e - Lee's Rapid Deconstruction     Earth                        5
Comestibles
 d - 4 rations
 g - 9 chunks of flesh


   Skills:
 + Level 1.0 Short Blades
 + Level 2.5 Dodging
 - Level 2.4 Stealth
 + Level 4.0 Spellcasting
   Level 1.1 Transmutations
 + Level 4.4 Earth Magic


You had 9 spell levels left.
You knew the following spells:

 Your Spells              Type           Power        Failure   Level  Hunger
a - Sandblast             Erth           ###...       1%          1    None


Dungeon Overview and Level Annotations

Branches:
Dungeon (3/15)

Altars:


Message History

The goblin hits you but does no damage.
Casting: Sandblast
Confirm with . or Enter, or press ? or * to list all spells.
Aiming: Sandblast
Press: ? - help, Shift-Dir - straight line, f/p - worm
Aim: a worm The blast of sand hits the worm.
The worm is almost dead.
b - 74 stones The goblin closely misses you.
The worm completely misses you.
Casting: Sandblast
Confirm with . or Enter, or press ? or * to list all spells.
Aiming: Sandblast
Press: ? - help, Shift-Dir - straight line, f/p - worm
Aim: a worm (severely wounded)
The blast of sand hits the worm.
You kill the worm!
b - 73 stones The goblin hits you with a club.
You die...

#............
...........PPPP
#.........P.P.
#.........P.P.
#...........P
#.........P.PP
####........P... #
####...).@.....P.P #.
.....#....g....P.P
...##.##.........P.P
##.#.##.)..........P...
#..................PPPP
....###.###........##
.. ##...##.......#####
#.....#..##.......#
#.....#...........#


You could see a goblin.

Vanquished Creatures
  2 adders
  2 worms (D:2)
  A dart slug (D:2)
  2 leopard geckos (D:1)
  2 giant cockroaches (D:2)
  3 goblins (D:2)
  3 hobgoblins
  6 bats
  2 frilled lizards
  7 kobolds
  8 rats
38 creatures vanquished.

Notes
Turn   | Place    | Note
-------+----------+-------------------------------------------
     0 | D:1      | Fortress the Deep Elf Earth Elementalist began the quest for the Orb.
     0 | D:1      | Reached XP level 1. HP: 10/10 MP: 6/6
   203 | D:1      | Reached XP level 2. HP: 15/15 MP: 4/8
   770 | D:2      | Reached XP level 3. HP: 19/19 MP: 3/10
   940 | D:3      | Reached skill level 1 in Short Blades
   984 | D:2      | Slain by a goblin

Skill      XL: |  1  2  3 |
---------------+----------+-----
Earth Magic    | 4 |  4.4
Spellcasting   | 4 |  4.0
Short Blades   | 1 |  1.0
Dodging        | |  2.5
Stealth        | |  2.4
Transmutations | |  1.1

Action                   || total
-------------------------++-------
Melee: Unarmed           ||     2
       Short sword       ||     1
 Cast: Sandblast         ||    53
 Stab: Sleeping          ||     1
Armor: Robe              ||    10
Dodge: Dodged            ||    18
